 Dungeon Crawl Stone Soup version 0.28-a0-984-g3775c662fe (webtiles) character file.

Game seed: 8296268711356970929

119 pokeman the Magician (level 4, -4/25 HPs)
             Began as a Deep Elf Hedge Wizard on Dec 3, 2021.
             Killed from afar by an orc wizard (5 damage)
             ... with a magic dart
             ... on level 3 of the Dungeon.
             The game lasted 00:05:52 (3249 turns).

pokeman the Magician (Deep Elf Hedge Wizard)        Turns: 3249, Time: 00:05:52

Health: -4/25      AC:  4    Str:  7    XL:     4   Next: 73%
Magic:  1/13       EV: 12    Int: 21    God:
Gold:   49         SH:  0    Dex: 14    Spells: 3/14 levels left

rFire   . . .      SeeInvis .   g - +0 spear (freeze)
rCold   . . .      Faith    .   (no shield)
rNeg    . . .      Spirit   .   k - +0 leather armour
rPois   .          Reflect  .   c - +0 hat
rElec   .          Harm     .   (no cloak)
rCorr   .          Rampage  .   (no gloves)
Will    .....                   e - +0 pair of boots
Stlth   +.........              (no amulet)
HPRegen 0.08/turn               (no ring)
MPRegen 0.13/turn               (no ring)

@: confused
A: no striking features
a: no special abilities


You were on level 3 of the Dungeon.
You visited 1 branch of the dungeon, and saw 3 of its levels.

You collected 49 gold pieces.

Inventory:

Hand Weapons
 g - a +0 spear of freezing (weapon)
Armour
 c - a +0 hat (worn)
 e - a +0 pair of boots (worn)
 k - a +0 leather armour (worn)
Magical Staves
 f - a staff of air
Scrolls
 b - a scroll of enchant weapon {unknown}
 d - a scroll of noise {unknown}
 h - a scroll of identify {unknown}
 i - a scroll of enchant armour {unknown}
Potions
 a - a potion of flight {unknown}
 j - a potion of brilliance {unknown}


   Skills:
 - Level 1.0 Fighting
 - Level 1.0 Armour
 + Level 2.9 Dodging
 - Level 3.0 Stealth
 * Level 5.8 Spellcasting
 + Level 2.3 Conjurations
 - Level 1.1 Summonings
 - Level 1.1 Translocations
 + Level 0.0 Fire Magic


You had 3 spell levels left.
You knew the following spells:

 Your Spells              Type           Power      Damage    Failure   Level
a - Magic Dart            Conj           64%        1d6       5%          1
b - Mephitic Cloud        Conj/Pois/Air  9%         N/A       30%         3
c - Call Imp              Summ           10%        N/A       14%         2
d - Blink                 Tloc           20%        N/A       14%         2
e - Conjure Flame         Conj/Fire      11%        6-21      26%         3

Your spell library contained the following spells:

 Spells                   Type           Power      Damage    Failure   Level
 Apportation              Tloc           20%        N/A       10%         1
 Summon Small Mammal      Summ           40%        N/A       10%         1
 Animate Skeleton         Necr           12%        N/A       14%         1
 Slow                     Hex            24%        N/A       14%         1
 Ignite Poison            Fire/Tmut/Pois 6%         N/A       41%         3
 Sticky Flame             Conj/Fire      11%        2d3       65%         4


Dungeon Overview and Level Annotations

Branches:
Dungeon (3/15)

Altars:

Annotations:
D:3 Grinder, Terence


Message History

Unknown command.
Casting: Magic Dart (safe; 5% risk of failure)
Confirm with . or Enter, or press ? or * to list all spells.
Aiming: Magic Dart (safe; 5% risk of failure)
Press: ? - help, Shift-Dir - straight line The magic dart hits something.
Casting: Magic Dart (safe; 5% risk of failure)
Confirm with . or Enter, or press ? or * to list all spells.
Aiming: Magic Dart (safe; 5% risk of failure)
Press: ? - help, Shift-Dir - straight line The magic dart hits something.
Deactivating autopickup; reactivate with Ctrl-A.
You closely miss something. Something hits you but does no damage.
You hit something but do no damage. Something hits you.
Your magical contamination has completely faded away.
You barely miss something. Something barely misses you.
You miss something. Something hits you.
You hit something. You freeze something.
You hear some strange, mumbled words.
A magic dart appears from out of thin air!
The magic dart hits you! Something hits you.
You miss something. Something completely misses you.
Casting: Magic Dart (safe; 5% risk of failure)
Confirm with . or Enter, or press ? or * to list all spells.
Aiming: Magic Dart (safe; 5% risk of failure)
Press: ? - help, Shift-Dir - straight line The magic dart hits something but does no damage.
Something hits you.
* * * LOW HITPOINT WARNING * * *
You hear some strange, mumbled words.
A magic dart appears from out of thin air!
The magic dart hits you!
* * * LOW HITPOINT WARNING * * *
You hear some strange, mumbled words.
Something tries to affect you, but you resist.
Something tries to affect you, but you resist.
You are confused.
A magic dart appears from out of thin air!
The magic dart hits you.
You die...

#.# #.# ##.##
###############...#
..................#
###.##.#####.##...#
#.##.......##...#
#.########.##...#
#.. #.##.@.# ###
#......# ####...#
#{.## #..# #..#
#######..#
....)))).#
########.#


There were no monsters in sight!

Vanquished Creatures
  Jessica (D:3)
  An orc wizard (D:3)
  3 adders
  2 orcs (D:3)
  5 endoplasms
  4 giant cockroaches
  4 goblins
  5 hobgoblins
  4 jackals
  3 kobolds
  A quokka (D:1)
  3 ball pythons
  4 bats
  5 frilled lizards
  3 rats (D:1)
48 creatures vanquished.

Vanquished Creatures (collateral kills)
  2 orcs (D:3)
2 creatures vanquished.

Grand Total: 50 creatures vanquished

Notes
Turn   | Place    | Note
-------+----------+-------------------------------------------
     0 | D:1      | pokeman the Deep Elf Hedge Wizard began the quest for the
                  | Orb.
     0 | D:1      | Reached XP level 1. HP: 10/10 MP: 7/7
   302 | D:1      | Reached XP level 2. HP: 15/15 MP: 6/9
   329 | D:1      | Found a faded altar of an unknown god.
  1004 | D:1      | Reached skill level 5 in Spellcasting
  1426 | D:2      | You fall into a shaft and drop 1 floor!
  1427 | D:3      | Noticed Grinder
  1431 | D:3      | Reached XP level 3. HP: 20/20 MP: 6/11
  2090 | D:2      | Reached skill level 1 in Armour
  2321 | D:2      | Reached skill level 1 in Fighting
  2325 | D:2      | Learned a level 3 spell: Mephitic Cloud
  2328 | D:2      | Learned a level 2 spell: Call Imp
  2331 | D:2      | Learned a level 2 spell: Blink
  2335 | D:2      | Learned a level 3 spell: Conjure Flame
  2935 | D:3      | Noticed Terence
  2935 | D:3      | Noticed Jessica
  2940 | D:3      | Killed Jessica
  2941 | D:3      | Reached XP level 4. HP: 11/25 MP: 6/13
  3241 | D:3      | HP: 1/25 [something/magic dart (7)]
  3249 | D:3      | Killed from afar by an orc wizard

Illustrated notes

Levels and vault maps discovered:
D:1:      lightli_arrival_maybe_door_vault, layout_loops_cross,
          hellmonk_ecumenical_altar_pennies_from_heaven, st_stairs_3,
          grunt_decor_junction
D:2:      layout_loops_corners
D:3:      kb_forest_paths, layout_basic, demons_altar, slow_altar_1,
          uniq_grinder, uniq_terence, uniq_jessica

Skill      XL: |  1  2  3  4 |
---------------+-------------+-----
Spellcasting   | 5 |  5.8
Armour         | 1 |  1.0
Fighting       | 1 |  1.0
Conjurations   | 2 |  2.3
Stealth        | 3 |  3.0
Dodging        | |  2.9
Summonings     | |  1.1
Translocations | |  1.1

Action                   |  1- 3 |  4- 6 || total
-------------------------+-------+-------++-------
Melee: Spear             |     3 |     6 ||     9
 Cast: Magic Dart        |    98 |    11 ||   109
       Call Imp          |       |     2 ||     2
       Mephitic Cloud    |       |     1 ||     1
       Blink             |       |     1 ||     1
 Stab: Sleeping          |     1 |       ||     1
Armor: Robe              |     3 |       ||     3
       Leather armour    |       |     2 ||     2
Dodge: Dodged            |    19 |     6 ||    25

Table legend: (Time is in decaauts)
 A = Elapsed time spent in this place.
 B = Non-inter-level travel time spent in this place.
 C = Inter-level travel time spent in this place.
 D = Time resting spent in this place.
 E = Time spent auto-exploring this place.
 F = Levels seen in this place.
 G = Mean time per level.
                   A        B        C        D        E       F      G
               +--------+--------+--------+--------+--------+-----+--------+
         Total |   3252 |   3166 |     86 |     99 |   2707 |   3 | 1084.0 |
       Dungeon |   3252 |   3166 |     86 |     99 |   2707 |   3 | 1084.0 |
               +--------+--------+--------+--------+--------+-----+--------+

Top non-repeatable levels by time:
     D:2: 1528 daAuts
     D:1: 1057 daAuts
     D:3: 666 daAuts
